 Dungeon Crawl Stone Soup version 0.19-a0-1827-g174f941 (webtiles) character file.

11239 Gamora the Grappler (level 11, -5/82 HPs)
             Began as a Green Draconian Transmuter on Oct 7, 2016.
             Was an Elder of Hepliaklqana.
             Incinerated by a mottled dragon (7 damage)
             ... with a sticky flame
             ... on level 11 of the Dungeon.
             The game lasted 00:45:14 (12947 turns).

Gamora the Grappler (Green Draconian Transmuter)   Turns: 12947, Time: 00:45:15

Health: -5/82      AC: 15    Str: 14    XL:     11   Next: 46%
Magic:  15/18      EV: 19    Int: 16    God:    Hepliaklqana [****..]
Gold:   569        SH:  0    Dex: 11    Spells: 3 memorised, 11 levels left

rFire  . . .     SeeInvis .       - Unarmed
rCold  . . .     Gourm    .     (armour unavailable)
rNeg   . . .     Faith    .     (shield currently unavailable)
rPois  +         Spirit   .     y - +2 hat
rElec  .         Dismiss  .     C - +0 cloak {rPois}
rCorr  .         Reflect  .     (gloves currently unavailable)
MR     .....     Harm     .     p - +2 pair of boots
Stlth  +.........               u - amulet of regeneration
                                t - +5 ring of evasion
                                f - +2 ring of protection

@: liquid flames, blade hands (expiring), glowing
A: breathe noxious fumes, unfitting armour, reduced essence, poison resistance,
cold-blooded, AC +7
a: Breathe Noxious Fumes, End Transformation, Recall Ancestor, Ancestor
Identity, Transference, Idealise, Renounce Religion


You were on level 11 of the Dungeon.
You worshipped Hepliaklqana.
Hepliaklqana was greatly pleased with you.
You were hungry.
You had blades for hands.
You visited 2 branches of the dungeon, and saw 12 of its levels.
You also visited: Bailey.

You collected 768 gold pieces.
You spent 199 gold pieces at shops.

Inventory:

Missiles
 j - a throwing net
 n - 56 poisoned needles
 w - 5 needles of sleeping
 D - 18 javelins of returning (quivered)
Armour
 p - a +2 pair of boots (worn)
 y - a +2 hat (worn)
 z - a +0 buckler
 C - a +0 cloak of poison resistance (worn)
Jewellery
 f - a +2 ring of protection (left scythe-like blade)
 t - a +5 ring of evasion (right scythe-like blade)
 u - an amulet of regeneration (around neck)
Wands
 i - a wand of flame (32/48)
 k - a wand of paralysis (8/24)
 I - a wand of heal wounds (6/9)
Scrolls
 e - 4 scrolls of magic mapping
 h - 4 scrolls of remove curse
 l - 2 scrolls of enchant weapon
 q - 6 scrolls of teleportation
 s - 2 scrolls of recharging
 E - 3 scrolls of enchant armour
 G - 2 scrolls of acquirement
 L - a scroll of identify
Potions
 d - 3 potions of haste
 m - a potion of brilliance
 o - 2 potions of flight
 r - a potion of curing
 v - a potion of lignification
 x - 2 potions of invisibility
 B - 4 potions of berserk rage
 K - a potion of magic
Books
 b - a book of Changes

   Spells                             Type                      Level
   a - Beastly Appendage              Transmutation                1
   b - Sticks to Snakes               Transmutation                2
   c - Spider Form                    Transmutation/Poison         3
   d - Ice Form                       Ice/Transmutation            4
   e - Blade Hands                    Transmutation                5
 H - a Young Poisoner's Handbook

   Spells                             Type                      Level
   a - Sting                          Conjuration/Poison           1
   b - Mephitic Cloud                 Conjuration/Poison/Air       3
   c - Olgreb's Toxic Radiance        Poison                       4
   d - Alistair's Intoxication        Transmutation/Poison         5
   e - Venom Bolt                     Conjuration/Poison           5
Miscellaneous
 A - a disc of storms
Comestibles
 a - a slice of pizza
 c - 9 bread rations
 g - 7 meat rations
 F - 2 chunks of flesh
 J - 2 royal jellies


   Skills:
 - Level 7.1 Fighting
 - Level 4.7 Dodging
 + Level 11.7 Unarmed Combat
 - Level 5.0 Spellcasting
 + Level 10.8 Transmutations


You had 11 spell levels left.
You knew the following spells:

 Your Spells              Type           Power        Failure   Level  Hunger
a - Beastly Appendage     Tmut           #####.       10%         1    None
b - Spider Form           Tmut/Pois      ###.......   36%         3    ###....
c - Blade Hands           Tmut           #####.....   36%         5    ######.


Dungeon Overview and Level Annotations

Branches:
Dungeon (11/15)            Temple (1/1) D:6            Lair (0/6) D:8
    Orc (0/2) D:9

Altars:
Ashenzari
Cheibriados
Elyvilon
Fedhas
Gozag
Hepliaklqana
Kikubaaqudgha
Makhleb
Nemelex Xobeh
Okawaru
Ru
Sif Muna
Trog
Uskayaw
Vehumet
Xom
Yredelemnul
Zin
The Shining One

Shops:
D:5 [   D:7 *

Annotations:
D:3 exclusion: downstairs


Innate Abilities, Weirdness & Mutations

You can breathe blasts of noxious fumes.
Your lurid green scales are hard. (AC +7)
You cannot fit into any form of body armour.
Your system is resistant to poisons. (rPois)
You are cold-blooded and may be slowed by cold attacks.
Your life essence is reduced. (-10% HP)


Message History

You slice the mottled dragon!!
You kill the mottled dragon!
You are covered in liquid flames!
* * * LOW HITPOINT WARNING * * *
The iguana bites Marduk-asir!
Marduk-asir hits the iguana with a dagger of draining!
The iguana dies!
You are covered in liquid flames!
* * * LOW HITPOINT WARNING * * *
Your transformation is almost over.
You slice the jelly!!
You kill the jelly!
You are covered in liquid flames!
* * * LOW HITPOINT WARNING * * *
You start resting.
Eating one of 2 chunks of flesh.
You start eating one of the 2 chunks of flesh.
You are covered in liquid flames!
Keep eating?
You stop eating.
You die...

.### ..
...#... .!.#..
# ..... +.
...# #.. ...
#...###.###...
#....@........
#..###R#......
###......#
.....
......><.#
##.[
.....##..# .
.##. #..# #
#.>. .....
......


You could see the friendly Marduk-asir the hexer.

Vanquished Creatures
  An unseen horror (D:10)
  A hill giant (D:10)
  Pikel (D:4)
  An ugly thing (D:11)
  2 hippogriffs
  8 yaks (D:9)
  A hungry ghost (D:10)
  A mottled dragon (D:11)
  Menkaure (D:4)
  Duvessa (D:6)
  15 orc warriors
  2 slaves (D:4)
  2 phantoms
  2 black bears
  3 sky beasts
  An ogre (D:6)
  11 centaurs
  5 bullfrogs
  A wyvern zombie (D:8)
  A water moccasin zombie (D:6)
  3 scorpions
  A water moccasin skeleton (D:8)
  2 wyvern skeletons
  11 killer bees
  3 wights (D:9)
  4 crimson imps
  4 jellies
  3 hounds
  3 orc priests
  6 orc wizards
  A gnoll shaman (D:7)
  A bullfrog skeleton (D:10)
  A centaur skeleton (D:4)
  5 iguanas
  4 worker ants
  A hound zombie (D:5)
  2 hound skeletons
  Robin (D:2)
  12 gnolls
  14 adders
  4 river rats (D:5)
  A shadow imp (D:6)
  An ooze (D:2)
  4 worms
  A dart slug (D:3)
  5 leopard geckos
  77 orcs
  4 ball pythons
  9 bats
  9 giant cockroaches
  21 goblins
  11 hobgoblins
  10 jackals
  8 quokkas
  2 frilled lizards
  6 kobolds
  2 leopard gecko skeletons
  2 leopard gecko zombies
  2 quokka skeletons (D:8)
  23 rats
  A fungus (D:2)
346 creatures vanquished.

Vanquished Creatures (collateral kills)
  A troll (D:10)
  A spriggan (D:10)
  3 yaks (D:9)
  A mottled dragon (D:11)
  A sky beast (D:6)
  An ogre (D:6)
  2 centaurs (Bailey)
  A bullfrog (D:7)
  A water moccasin zombie (D:7)
  Dowan (D:6)
  A gnoll shaman (D:6)
  An iguana (D:11)
  A worker ant (D:8)
  A hound skeleton (D:7)
  2 gnolls
  2 adders
  9 orcs
  A giant cockroach (D:7)
  A goblin (D:8)
  A quokka (D:9)
33 creatures vanquished.

Vanquished Creatures (others)
  An orc wizard (D:10)
  A hexer (Bailey)
  A worker ant (D:4)
  An ancestor (D:7)
  A leopard gecko (D:4)
5 creatures vanquished.

Grand Total: 384 creatures vanquished

Notes
Turn   | Place    | Note
-------+----------+-------------------------------------------
     0 | D:1      | Gamora the Draconian Transmuter began the quest for the Orb.
     0 | D:1      | Reached XP level 1. HP: 16/16 MP: 3/3
   109 | D:1      | Reached XP level 2. HP: 23/23 MP: 5/5
  1000 | D:1      | Reached XP level 3. HP: 28/28 MP: 6/6
  1849 | D:2      | Reached skill level 4 in Unarmed Combat
  2105 | D:2      | Reached XP level 4. HP: 35/35 MP: 7/7
  2211 | D:2      | Noticed Robin
  2347 | D:2      | Killed Robin
  3319 | D:3      | Learned a level 3 spell: Spider Form
  3367 | D:3      | Reached XP level 5. HP: 40/40 MP: 6/8
  4453 | D:3      | Reached skill level 5 in Unarmed Combat
  4933 | D:4      | Noticed Menkaure
  4945 | D:3      | Reached XP level 6. HP: 24/47 MP: 9/9
  5324 | D:4      | Noticed a slave
  5324 | D:4      | Noticed a slave
  5343 | D:4      | Killed a slave
  5440 | D:4      | Noticed a slave
  5471 | D:4      | Killed a slave
  5500 | D:4      | Noticed a slave
  5504 | D:4      | Noticed Pikel
  5519 | D:4      | Killed Pikel
  5519 | D:4      | Reached skill level 6 in Unarmed Combat
  5519 | D:4      | Your scales start taking on a lurid green colour.
  5519 | D:4      | Reached XP level 7. HP: 48/52 MP: 1/10
  5519 | D:4      | Gained mutation: Your system is resistant to poisons. (rPois) [Green Draconian growth]
  5711 | D:4      | Killed Menkaure
  5711 | D:4      | Reached skill level 7 in Unarmed Combat
  6063 | D:5      | Entered Level 5 of the Dungeon
  6072 | D:5      | Reached XP level 8. HP: 45/59 MP: 8/11
  6106 | D:5      | Learned a level 5 spell: Blade Hands
  6292 | D:5      | Found List's Armour Emporium.
  6295 | D:5      | Bought a +1 hat for 154 gold pieces
  7204 | D:6      | Found a staircase to the Ecumenical Temple.
  7204 | D:6      | Found a deep blue altar of Sif Muna.
  7219 | Temple   | Entered the Ecumenical Temple
  7226 | Temple   | Became a worshipper of Hepliaklqana the Forgotten
  7447 | D:6      | Reached * piety under Hepliaklqana
  7761 | D:6      | Noticed Dowan
  7762 | D:6      | Noticed Duvessa
  7772 | D:6      | Killed Duvessa
  7772 | D:6      | Reached XP level 9. HP: 47/57 MP: 9/16
  7773 | D:6      | Killed Dowan
  7797 | D:6      | Reached skill level 5 in Spellcasting
  8149 | D:7      | Reached skill level 8 in Unarmed Combat
  8277 | D:7      | Reached ** piety under Hepliaklqana
  8278 | D:7      | Remembered your ancestor Marduk-asir as a hexer
  8410 | D:7      | Found Qaexzy's General Store.
  8418 | D:7      | Bought a scroll of identify for 30 gold pieces
  8418 | D:7      | Bought a potion of degeneration for 15 gold pieces
  9303 | D:8      | Reached skill level 10 in Transmutations
  9354 | D:8      | Found a flagged portal.
  9387 | Bailey   | Entered a bailey
  9710 | Bailey   | Reached XP level 10. HP: 65/65 MP: 11/17
  9766 | Bailey   | Reached *** piety under Hepliaklqana
 10224 | Bailey   | Reached skill level 9 in Unarmed Combat
 10716 | D:8      | Found a staircase to the Lair.
 10865 | D:8      | Reached skill level 10 in Unarmed Combat
 11244 | D:9      | Reached **** piety under Hepliaklqana
 11422 | D:9      | You fall through a shaft!
 11422 | D:10     | Entered Level 10 of the Dungeon
 11566 | D:9      | Reached skill level 5 in Fighting
 11845 | D:9      | Found a staircase to the Orcish Mines.
 12036 | D:9      | Found an iron altar of Okawaru.
 12133 | D:9      | Reached XP level 11. HP: 50/82 MP: 13/18
 12386 | D:10     | Identified 3 scrolls of acquirement
 12593 | D:10     | Noticed a hill giant
 12602 | D:10     | Killed a hill giant
 12602 | D:10     | Reached skill level 11 in Unarmed Combat
 12615 | D:10     | Killed an unseen horror
 12921 | D:11     | Noticed a brown ugly thing
 12934 | D:11     | Killed a red ugly thing
 12946 | D:11     | HP: 2/82 [burnt (5)]
 12947 | D:11     | Incinerated by a mottled dragon

Vault maps used:
D:1:      zelgadis_glass_arrival_small
D:2:      minmay_gold_behind_fungi, uniq_robin
D:3:      interstate_on_off, kennysheep_crisscross
D:4:      first_bread, kennysheep_generic_room_14, uniq_pikel, uniq_menkaure
D:5:      serial_shops, kennysheep_mini, dk_rats_in_the_wall
D:6:      basic_altar, uniq_duvessa
D:7:      serial_shops, shop
D:8:      nicolae_overflow_hidden_temple, lair_0_dummy, enter_bailey_7
D:9:      lemuel_crystal_altar, hiddenorc1_lemuel
D:10:     the_bakery
D:11:     basic_altar, st_stairs_3
Temple:   compressed_dpeg_circular_temple
Bailey:   bailey_polearm_flooded_kennysheep, bailey

Skill      XL: |  1  2  3  4  5  6  7  8  9 10 11 |
---------------+----------------------------------+-----
Transmutations | 3 4 6 8 10 | 10.8
Unarmed Combat | 4 5 6 7 8 10 11 | 11.7
Spellcasting   | 4 5 |  5.0
Dodging        | 3 4 |  4.7
Fighting       | 2 7 |  7.1

Action                   |  1- 3 |  4- 6 |  7- 9 | 10-12 || total
-------------------------+-------+-------+-------+-------++-------
Melee: Unarmed           |   182 |   358 |   519 |   343 ||  1402
       Tailslap          |    17 |    34 |    44 |    31 ||   126
       Headbutt          |     2 |    17 |    34 |    12 ||    65
       Punch             |     3 |     3 |    11 |    12 ||    29
       Kick              |     1 |    12 |       |       ||    13
Throw: Throwing net      |       |     3 |     1 |       ||     4
 Cast: Beastly Appendage |     6 |    18 |    19 |    13 ||    56
       Spider Form       |       |     4 |    10 |       ||    14
       Blade Hands       |       |       |     2 |    17 ||    19
Invok: Ancestor Life: He |       |       |     1 |       ||     1
       Recall Ancestor   |       |       |       |     3 ||     3
 Abil: Breathe Noxious F |       |       |     4 |       ||     4
  Use: Scroll            |       |     3 |    16 |     7 ||    26
       Potion            |       |       |     1 |       ||     1
 Stab: Distracted        |       |       |     3 |     2 ||     5
       Sleeping          |       |       |     2 |       ||     2
       Confused          |       |       |     1 |     4 ||     5
  Eat: Chunk             |     4 |    12 |    11 |    13 ||    40
       Bread ration      |       |       |     2 |       ||     2
Armor: Skin              |    70 |    94 |   111 |    87 ||   362
Dodge: Dodged            |   120 |   239 |   422 |   306 ||  1087
